[Event "MČR v rapid šachu družstev 2019"]
[Site "Teplice, Czech Republic"]
[Date "2019.09.15"]
[Round "1.26"]
[White "Serrano, Salvador Eduardo"]
[Black "Novacek, Jan"]
[Result "1-0"]
[TimeControl "15 min. + 5s"]
[WhiteElo "2350"]
[BlackElo "2060"]

1. d4 Nf6 2. Nf3 d5 3. c4 c6 4. Nc3 e6 5. e3 Bd6 6. Bd3 Nbd7 7. O-O O-O 8. e4 dxe4 9. Nxe4 Nxe4 10.
Bxe4 Nf6 11. Bc2 Qc7 12. Bg5 Nd7 13. Qd3 g6 14. Rfe1 e5 15. c5 Bxc5 16. dxc5 Nxc5 17. Qc3 Ne6 18.
Bh6 Re8 19. Qxe5 Qxe5 20. Rxe5 f6 21. Re3 g5 22. Rae1 Bd7 23. Bb3 Kf7 24. Bxg5 1-0

[Event "MČR v rapid šachu družstev 2019"]
[Site "Teplice, Czech Republic"]
[Date "2019.09.15"]
[Round "1.27"]
[White "Sura, Jaroslav"]
[Black "Filipi, Stepan"]
[Result "0-1"]
[TimeControl "15 min. + 5s"]
[WhiteElo "2025"]
[BlackElo "2210"]

1. e4 c5 2. Nc3 e6 3. f4 Nc6 4. Nf3 g6 5. d4 cxd4 6. Nxd4 Nge7 7. Ndb5 d5 8. exd5 exd5 9. Nxd5 Nxd5 10.
Qxd5 Qe7+ 11. Be2 Be6 12. Qe4 f5 13. Qf3 a6 14. Nc3 Nd4 15. Qd3 Rd8 16. O-O Nb3 17. Qf3 Nxa1 18. Bd3 Bg7 19.
Be3 O-O 20. Rxa1 Rfe8 21. Bb6 Bd4+ 22. Bxd4 Rxd4 23. Re1 Qc5 24. Qf2 Bf7 25. Rxe8+ Bxe8 26. Qe3 Bf7 27. Kf1 Qd6 28. Ne2 Rd5 29. Nc3 Rc5 30. Na4 Rc7 31. Nc3 Re7 32. Qf2 b5 33. Ne2 Bc4 34.
Nd4 Bxd3+ 35. cxd3 Rd7 36. Nf3 Qxd3+ 37. Qe2 Qxe2+ 38. Kxe2 Rc7 39. Kd2 Kg7 40. Nd4 Kf6 41. Nf3 h6 42. g3 g5 43. a3 gxf4 44. gxf4 Rc4 0-1

[Event "MČR v rapid šachu družstev 2019"]
[Site "Teplice, Czech Republic"]
[Date "2019.09.15"]
[Round "1.28"]
[White "Lacina, Filip"]
[Black "Pospichal, Michael"]
[Result "1/2-1/2"]
[TimeControl "15 min. + 5s"]
[WhiteElo "2027"]
[BlackElo "1756"]

1. e4 c6 2. d4 d5 3.
Nc3 dxe4 4. Nxe4 Bf5 5. Ng3 Bg6 6. Nf3 Nd7 7. h4 h6 8.
h5 Bh7 9. Bd3 Bxd3 10. Qxd3 Ngf6 11. Bd2 e6 12. O-O-O Bd6 13. Ne4 Nxe4 14. Qxe4 Nf6 15. Qe2 Qc7 16.
g3 O-O-O 17. Kb1 Rhe8 18. c4 Kb8 19. Bc3 c5 20. dxc5 Bxc5 21. Be5 Bd6 22. Rxd6 Rxd6 23. Rd1 Red8 24.
Rxd6 Rxd6 25. Bxd6 Qxd6 26. Ne5 Qe7 27. f4 Nd7 28. g4 Nxe5 29. Qxe5+ Qc7 30. Kc2 Kc8 31. Qxc7+ Kxc7 32. b4 b6 33.
a4 Kd6 34. Kd3 e5 35. Ke4 exf4 36. Kxf4 a5 37. bxa5 Ke5+ 38. Ke4+ bxa5+ 39. Kd3 1/2-1/2

[Event "MČR v rapid šachu družstev 2019"]
[Site "Teplice, Czech Republic"]
[Date "2019.09.15"]
[Round "2.1"]
[White "Stocek, Jiri"]
[Black "Trepka, Jan"]
[Result "1/2-1/2"]
[TimeControl "15 min. + 5s"]
[WhiteElo "2507"]
[BlackElo "2209"]

1. c4 c6 2. Nf3 Nf6 3. d4 d5 4. Qb3 e6 5. Bg5 Nbd7 6. Nc3 Be7 7. e3 O-O 8. Be2 Re8 9. O-O a6 10.
a4 Qb6 11. Qc2 a5 12. h3 h6 13. Bf4 Bb4 14. Rac1 Qd8 15. Rfd1 Qe7 16. c5 Bxc3 17. bxc3 b6 18. Bd6 Qd8 19.
c4 Ne4 20. Bd3 Nxd6 21. cxd6 dxc4 22. Bxc4 Nf8 23. Qb2 Qxd6 24. Qxb6 Bd7 25. Qb3 Reb8 26. Qc2 Rb4 27. Ne5 Rab8 28.
Nd3 R4b6 29. Qc3 Ra8 30. Ba2 Qb8 31. Qd2 Be8 32. Rc5 Qa7 33. Rdc1 Nd7 34. R5c2 Nf6 35. Ne5 Qb7 36. Nc4 Rb4 37.
Nd6 Qe7 38. Nxe8 Qxe8 39. Rxc6 Rxa4 40. Bb1 Rb4 41. Bd3 Rbb8 42. e4 Qd8 43. e5 Nd5 44. Be4 a4 45. Rd6 Qa5 46. Qxa5 Rxa5 47. Rc5 Rxc5 48. dxc5 g5 49. Ra6 Rc8 50. Bxd5 exd5 51.
c6 a3 52. Kf1 a2 53. Rxa2 Rxc6 54. Ra5 d4 55. Rd5 Rc4 56. Ke2 Rc2+ 57. Kf3 Rd2 58. g4 Kg7 59. Rd6 Kh7 60. Rd7 Kg6 1/2-1/2

[Event "MČR v rapid šachu družstev 2019"]
[Site "Teplice, Czech Republic"]
[Date "2019.09.15"]
[Round "2.2"]
[White "Ruzicka, Ales"]
[Black "Kociscak, Jiri"]
[Result "0-1"]
[TimeControl "15 min. + 5s"]
[WhiteElo "2119"]
[BlackElo "2410"]

1. e4 e5 2. Nf3 Nc6 3. Bb5 Nf6 4. O-O Nxe4 5. d4 Nd6 6. Bxc6 dxc6 7. dxe5 Nf5 8. Qxd8+ Kxd8 9. Rd1+ Ke8 10.
Nc3 h6 11. h3 b6 12. b3 Bb7 13. Bb2 a5 14. Rd2 Rd8 15. Rad1 Rxd2 16. Rxd2 Be7 17. Ne2 c5 18. Ne1 Bg5 19.
Rd1 h5 20. c4 Ke7 21. a4 Rd8 22. Rxd8 Kxd8 23. Nc2 Be4 24. Ne1 Bd2 25. Nc3 Bxc3 26. Bxc3 Nd4 27. Bxd4 cxd4 28. Kf1 Ke7 29.
Ke2 Ke6 30. f3 Bb1 31. f4 Ba2 32. Kd3 Bxb3 33. Kxd4 Bxa4 34. g4 hxg4 35. hxg4 c5+ 36. Ke4 Bc6+ 37. Kd3 g5 38. Ke3 a4 39.
Nc2 b5 40. cxb5 Bxb5 41. Na3 Ba6 42. Ke4 Bb7+ 43. Ke3 Kd5 44. Nb5 gxf4+ 45. Kxf4 Bc6 46. Na3 Bd7 47. g5 Kd4 0-1

[Event "MČR v rapid šachu družstev 2019"]
[Site "Teplice, Czech Republic"]
[Date "2019.09.15"]
[Round "2.3"]
[White "Polak, Tomas"]
[Black "Meszaros, Ludek"]
[Result "1-0"]
[TimeControl "15 min. + 5s"]
[WhiteElo "2515"]
[BlackElo "2059"]

1. d4 Nf6 2. c4 g6 3. Nc3 Bg7 4. e4 O-O 5.
Nf3 d6 6. Be2 Nbd7 7. O-O e5 8.
Re1 c6 9. Bf1 Qb6 10. h3 exd4 11. Nxd4 Re8 12. Nc2 Qc7 13. Bf4 Ne5 14. Qd2 Be6 15. b3 Rad8 16. Nd4 Bc8 17. Rad1 a6 18.
Kh1 Qe7 19. Bh2 Qf8 20. Nc2 Bh6 21. f4 Bxh3 22. gxh3 Nf3 23. Qf2 Nxe1 24. Rxe1 Bg7 25. Qf3 Qe7 26. Bg2 Qc7 27. Rd1 Qa5 28.
b4 Qc7 29. Rd3 b5 30. cxb5 axb5 31. Nd4 Nd7 32. e5 d5 33. h4 Nb6 34. h5 Nc4 35. Bh3 Ra8 36. Qg2 Ra3 37. Ncxb5 cxb5 38.
Nxb5 Rxd3 39. Nxc7 Rd1+ 40. Bg1 Rd8 41. Qf3 Rd2 42. hxg6 hxg6 43. e6 fxe6 44. Bxe6+ Kf8 45. Bxd5 1-0

[Event "MČR v rapid šachu družstev 2019"]
[Site "Teplice, Czech Republic"]
[Date "2019.09.15"]
[Round "2.4"]
[White "Loskot, Petr"]
[Black "Vymazal, Bronislav"]
[Result "0-1"]
[TimeControl "15 min. + 5s"]
[WhiteElo "2065"]
[BlackElo "2347"]

1. e4 g6 2. Nc3 Bg7 3. f4 c5 4. Nf3 Nc6 5. Bc4 e6 6. O-O Nge7 7. Qe1 O-O 8. Bb3 d5 9. d3 Na5 10.
exd5 Nxb3 11. axb3 exd5 12. Qh4 h6 13. Re1 Be6 14. g4 Nc6 15. Qg3 Nb4 16. Re2 Qc7 17. Qg2 Kh7 18. Nh4 Qd8 19.
Nxg6 Kxg6 20. f5+ Kh7 21. fxe6 fxe6 22. Rxe6 Qh4 23. Bd2 Nxc2 24. Rc1 Bd4+ 25. Kh1 Rf2 26. Rxh6+ Qxh6 27. Bxh6 Rxg2 28. Kxg2 Nb4 29. Bg5 Nxd3 30. Rc2 0-1

[Event "MČR v rapid šachu družstev 2019"]
[Site "Teplice, Czech Republic"]
[Date "2019.09.15"]
[Round "2.5"]
[White "Bernasek, Jan"]
[Black "Taborsky, Rostislav"]
[Result "1-0"]
[TimeControl "15 min. + 5s"]
[WhiteElo "2496"]
[BlackElo "2097"]

1. d4 Nf6 2. c4 e6 3. Nc3 Bb4 4. e3 c5 5.
Nge2 cxd4 6. exd4 d5 7. a3 Be7 8. cxd5 Nxd5 9. Nxd5 exd5 10. Nf4 Nc6 11. Bd3 O-O 12. O-O Bf6 13. Be3 g6 14. Rc1 Re8 15. Bb1 Ne7 16. Qf3 Bg7 17.
Rc5 b6 18. Rc3 Qd6 19. Rfc1 h5 20. h3 Bd7 21. Qg3 Qf6 22. Rc7 Bf5 23. Ba2 Be4 24. Qh2 Nf5 25. Nxd5 Bxd5 26. Bxd5 Rf8 1-0

[Event "MČR v rapid šachu družstev 2019"]
[Site "Teplice, Czech Republic"]
[Date "2019.09.15"]
[Round "2.6"]
[White "Burdik, Lubomir"]
[Black "Cernousek, Lukas"]
[Result "0-1"]
[TimeControl "15 min. + 5s"]
[WhiteElo "2078"]
[BlackElo "2478"]

1. d4 Nf6 2. c4 c5 3. e3 g6 4.
Nc3 Bg7 5. Nf3 O-O 6. Be2 d5 7. dxc5 dxc4 8. O-O Qa5 9. Qa4 Qxc5 10. Qxc4 Na6 11. e4 Be6 12. Qa4 Qb4 13. Qxb4 Nxb4 14. Nd4 Bg4 15. Bxg4 Nxg4 16.
Ndb5 Rfd8 17. Bg5 Kf8 18. h3 Ne5 19. Rfd1 Ned3 20. a3 Nc6 21. Rab1 Rac8 22. Nd5 Nxb2 23. Rdc1 Ke8 24. Nbc7+ Kd7 0-1

[Event "MČR v rapid šachu družstev 2019"]
[Site "Teplice, Czech Republic"]
[Date "2019.09.15"]
[Round "2.7"]
[White "Vrbata, Zbynek"]
[Black "Simecek, Alexej"]
[Result "1-0"]
[TimeControl "15 min. + 5s"]
[WhiteElo "2376"]
[BlackElo "1934"]

1. d4 Nf6 2. c4 e6 3. Nc3 Bb4 4.
Nf3 O-O 5. g3 d5 6. Bg2 b6 7. O-O Na6 8. Ne5 Bb7 9. Bf4 Bxc3 10. bxc3 c5 11. a4 Rc8 12. a5 Qe7 13. Qa4 Ne4 14.
axb6 axb6 15. Bxe4 dxe4 16. Nd7 Rc6 17. Nxf8 Kxf8 18. d5 Rc8 19. d6 Qd8 20. Rfd1 Nb8 21. d7 Rc6 22. Bxb8 1-0

[Event "MČR v rapid šachu družstev 2019"]
[Site "Teplice, Czech Republic"]
[Date "2019.09.15"]
[Round "2.8"]
[White "Nedoma, Marek"]
[Black "Kuba, Jindrich"]
[Result "0-1"]
[TimeControl "15 min. + 5s"]
[WhiteElo "2022"]
[BlackElo "2229"]

1. d4 Nf6 2. Nf3 e6 3. Bf4 b6 4. e3 Bb7 5. h3 Be7 6. Bd3 O-O 7. Qe2 d5 8. Nbd2 c5 9. c3 Nc6 10.
O-O Re8 11. Ne5 Nxe5 12. dxe5 Nd7 13. e4 Nf8 14. Bb5 Nd7 15. Rfd1 a6 16. Bd3 Qc8 17. exd5 exd5 18. Qg4 Nf8 19.
Bf5 Ne6 20. Nf3 Qc6 21. Bxe6 Qxe6 22. Qxe6 fxe6 23. Bg5 Bf8 24. Rd3 h6 25. Bh4 g5 26. Bg3 Be7 27. Nh2 Kh7 28. f4 Rf8 29.
Rf1 a5 30. fxg5 Rxf1+ 31. Nxf1 Bxg5 32. Rf3 Kg7 33. Be1 d4 34. Rg3 Kh7 35. cxd4 cxd4 36. Bd2 Be7 37. Rg4 Rd8 38. Rf4 Rf8 39.
Rxf8 Bxf8 40. Kf2 Be7 41. g3 Bc5 42.
a3 a4 43. h4 h5 44. Bg5 Kg6 45. Nd2 Bd5 46. Nf1 Kf5 47. Bf4 Bf8 48. Nd2 Bg7 49. Nb1 Bxe5 50. Bxe5 Kxe5 51. Nd2 Kf5 52.
Ke2 e5 53. Kf2 b5 54. Nf1 e4 55. Nh2 e3+ 56. Ke2 Be4 57. Kd1 d3 58. Ke1 Bg2 59. Kd1 Ke4 60. Ke1 Bh3 61. Kd1 Be6 62.
Ke1 d2+ 63. Ke2 Bc4+ 64. Kd1 Bb3+ 0-1

[Event "MČR v rapid šachu družstev 2019"]
[Site "Teplice, Czech Republic"]
[Date "2019.09.15"]
[Round "2.9"]
[White "Slampa, Jan"]
[Black "Vykouk, Jan"]
[Result "0-1"]
[TimeControl "15 min. + 5s"]
[WhiteElo "2166"]
[BlackElo "2428"]

1. d4 Nf6 2. c4 e6 3. Nc3 Bb4 4. Qc2 O-O 5. a3 Bxc3+ 6. Qxc3 b6 7. Bg5 h6 8. Bh4 Bb7 9. e3 d5 10.
cxd5 exd5 11. Nf3 Nbd7 12. Be2 c5 13. dxc5 bxc5 14. O-O Qb6 15. b4 Ne4 16. Qb2 a5 17. Rab1 axb4 18. axb4 c4 19.
Nd4 c3 20. Qc2 Nd2 21. Qxc3 Nxb1 22. Rxb1 Rfc8 23. Qb2 Qg6 24. b5 Nc5 25. Bf3 Na4 26. Qb3 Rc3 27. Qb4 Rc4 28. Qb3 Nc5 29.
Qd1 Rca4 30. h3 Qxb1 31. Qxb1 Ra1 32. Qxa1 Rxa1+ 33. Kh2 Rb1 34. Nf5 Rxb5 35. Ne7+ Kh8 36. Nxd5 Nd3 37. Nc3 Rb3 38. Bxb7 Rxb7 39.
g4 Rb2 40. Kg2 Ne1+ 41. Kf1 Nf3 42. Bg3 f6 43. Kg2 Ne1+ 44. Kf1 Nd3 45. Ne4 Kg8 46. Kg2 Kf7 47. Nd6+ Kg6 48. Nf5 Rb1 49.
Nd4 Kf7 50. Bc7 Ne1+ 51. Kh2 Rb2 52. Bg3 Nc2 53. Nf5 g6 54. Nd6+ Ke6 55. Nc4 Ra2 56. Kg1 Kd5 57. Nd6 Ne1 58.
Kh2 Nf3+ 59. Kg2 Ng5 60. Nb5 Kc4 61. Nd6+ Kd5 62. Nb5 Rb2 63. Nd6 Rb6 64. Nc8 Rb7 65. Nd6 Rb6 66. Nc8 Re6 67. Na7 Kc4 68. Nc8 Kc5 69.
Bf4 Nf7 70. Kf3 g5 71. Bh2 Ne5+ 72. Ke2 Kc6 73. Na7+ Kb6 74. Nc8+ Kb7 75. f4 gxf4 76. exf4 Nxg4+ 0-1

[Event "MČR v rapid šachu družstev 2019"]
[Site "Teplice, Czech Republic"]
[Date "2019.09.15"]
[Round "2.10"]
[White "Studnicka, Tomas"]
[Black "Horak, Jiri"]
[Result "1-0"]
[TimeControl "15 min. + 5s"]
[WhiteElo "2379"]
[BlackElo "2151"]

1. d4 d5 2. Bf4 Nf6 3. e3 e6 4. Nd2 Bd6 5. Bg3 O-O 6. Bd3 b6 7. Qe2 Bb7 8. Ngf3 c5 9. c3 a5 10. Ne5 Ba6 11. Bxa6 Nxa6 12. f4 c4 13. Bh4 b5 14. a3 b4 15.
axb4 axb4 16. O-O b3 17. e4 Nc7 18. Rxa8 Qxa8 19. Bxf6 gxf6 20. Nd7 Be7 21. Nxf8 Bxf8 22. f5 Bg7 23.
fxe6 fxe6 24. exd5 exd5 25. Qe7 Qc6 26. Rf3 h6 27. Rg3 Ne8 28. Nf1 f5 29. h4 Kh7 30. h5 Qa4 31. Kh2 Qb5 32.
Rg6 Qb8+ 1-0

[Event "MČR v rapid šachu družstev 2019"]
[Site "Teplice, Czech Republic"]
[Date "2019.09.15"]
[Round "2.11"]
[White "Nudcenko, Karel"]
[Black "Sodoma, Jan"]
[Result "1-0"]
[TimeControl "15 min. + 5s"]
[WhiteElo "2110"]
[BlackElo "2358"]

1. e4 e5 2. Nf3 Nc6 3. Bb5 a6 4. Bxc6 dxc6 5. O-O Qf6 6. d4 exd4 7. Qxd4 Bg4 8. Qxf6 Nxf6 9. Ne5 Be6 10.
f3 Bc5+ 11. Kh1 Bd4 12. Nd3 O-O-O 13. Nd2 b6 14. Nb3 Bxb3 15. axb3 a5 16. Rd1 Nd7 17. c3 Bf6 18. Bf4 Kb7 19.
b4 axb4 20. Nxb4 Nc5 21. Kg1 Be7 22. Kf1 Nb3 23. Rab1 Bxb4 24. cxb4 Rhe8 25. Ke1 Nd4 26. Rd2 Ne6 27. Rxd8 Rxd8 28.
Be5 f6 29. Bc3 Ka6 30. Rd1 Rxd1+ 31. Kxd1 Kb5 32. Kd2 Ka4 33. Ke3 Kb3 34. f4 b5 35. f5 Ng5 36. e5 fxe5 37. Bxe5 Kxb4 38. Bxg7 Nf7 39. g4 Kc4 40.
Ke4 b4 41. h4 Kc5 42. Bf8+ Kc4 43. g5 Kb3 44. g6 hxg6 45. fxg6 Nd6+ 46. Bxd6 1-0

[Event "MČR v rapid šachu družstev 2019"]
[Site "Teplice, Czech Republic"]
[Date "2019.09.15"]
[Round "2.12"]
[White "Cech, Pavel"]
[Black "Tichy, Lukas"]
[Result "1-0"]
[TimeControl "15 min. + 5s"]
[WhiteElo "2394"]
[BlackElo "1869"]

1. e4 e6 2. d4 d5 3. Nd2 a6 4. Ngf3 c5 5. exd5 exd5 6. Be2 Nf6 7. O-O Nc6 8. Re1 Be6 9. dxc5 Bxc5 10.
Nb3 Bb6 11. Nbd4 Ne4 12. Be3 O-O 13. c3 Bg4 14. Qb3 Na5 15. Qc2 Nc6 16. Rad1 Rc8 17. Nxc6 Rxc6 18. Bxb6 Qxb6 19. Nd4 Bxe2 20.
Rxe2 Rf6 21. f3 Nd6 22. Kh1 Nb5 23. Nf5 Re6 24. Ne7+ Kh8 25. Nxd5 Rxe2 26. Qxe2 Qc5 27. Qe7 1-0

[Event "MČR v rapid šachu družstev 2019"]
[Site "Teplice, Czech Republic"]
[Date "2019.09.15"]
[Round "2.13"]
[White "Wichs, Jakub"]
[Black "Jirovsky, Milos"]
[Result "0-1"]
[TimeControl "15 min. + 5s"]
[WhiteElo "2090"]
[BlackElo "2477"]

1. e4 d5 2. exd5 Qxd5 3. Nc3 Qd6 4. d4 Nf6 5. Nf3 c6 6.
Be3 Bf5 7. Bd3 Bg6 8. Qd2 Nbd7 9. O-O-O Bxd3 10. Qxd3 e6 11. Ne5 Nxe5 12. dxe5 Qxe5 13. Bxa7 Bc5 14. Bxc5 Qxc5 15. Ne4 Nxe4 16.
Qd7+ Kf8 17. Qxb7 Re8 18. Rd7 Qf5 19. g4 Qf4+ 20. Kb1 Nc5 21. Qc7 g5 22. Qxf4 gxf4 23. Rc7 Kg7 24. Rxc6 Rc8 25.
Rxc8 Rxc8 26. Rd1 Kf6 27. f3 Kg5 28. b4 Na4 29. Rd7 Kf6 30. h4 h6 31. Ra7 Nc3+ 32. Kb2 Nd1+ 33. Kc1 Ne3 34.
b5 Rxc2+ 35. Kb1 Rc4 36.
Kb2 Rb4+ 0-1

[Event "MČR v rapid šachu družstev 2019"]
[Site "Teplice, Czech Republic"]
[Date "2019.09.15"]
[Round "2.14"]
[White "Sokolov, Alexander"]
[Black "Sulc, Jaromir"]
[Result "1-0"]
[TimeControl "15 min. + 5s"]
[WhiteElo "2384"]
[BlackElo "2000"]

1. e4 e5 2. f4 Bc5 3. Nf3 d6 4. Nc3 Nf6 5. Bc4 Nc6 6. d3 Bg4 7. Na4 Nd4 8. Nxc5 dxc5 9. c3 Nxf3+ 10. gxf3 Bh3 11. Qe2 Nd7 12. Rg1 g6 13. f5 gxf5 14. Bg5 f6 15. Bh6 f4 16. Bg7 Rf8 17. Bxf8 Nxf8 18. Rg7 Qd6 19.
Bf7+ Kd8 20. O-O-O c6 21. Qf2 Bd7 22. d4 cxd4 23. cxd4 Kc7 24. Bb3 Rd8 25. dxe5 Qxe5 26. Qd4 Kb8 27.
Rf7 Qh5 28. Rxf8 1-0

[Event "MČR v rapid šachu družstev 2019"]
[Site "Teplice, Czech Republic"]
[Date "2019.09.15"]
[Round "2.15"]
[White "Sochor, Jiri"]
[Black "Dolezal, Radoslav"]
[Result "0-1"]
[TimeControl "15 min. + 5s"]
[WhiteElo "2249"]
[BlackElo "2363"]

1. d4 Nf6 2. c4 e6 3. Nf3 Bb4+ 4. Bd2 Qe7 5. Nc3 O-O 6. e3 d6 7. a3 Bxc3 8. Bxc3 Ne4 9. Qc2 f5 10. Bd3 Nxc3 11. Qxc3 Nd7 12. Bc2 b6 13. O-O-O Bb7 14. Rhg1 Nf6 15. Kb1 Ne4 16. Qe1 c5 17. Nd2 Rac8 18. f3 Nf6 19. e4 fxe4 20. Nxe4 Bxe4 21. Bxe4 cxd4 22. Rxd4 e5 23. Bd5+ Nxd5 24. cxd5 Qf7 25. Rd2 Rc5 26. Qe4 Rfc8 27. Qg4 Kf8 28. Re1 R8c7 29. Qh4 Qf5+ 30. Ka2 Re7 31. Re4 h6 32. h3 Qf7 33. Rc4 Rxd5 34. Rxd5 Qxd5 35. Qe4 Qe6 36. Qc6 d5 37. Qxe6 Rxe6 38. Rc7
Re7 39. Rc8+ Kf7 40. Rd8 Ke6 41. Kb3 e4 42. Kc3 exf3 43. gxf3 Rf7 44. Kd4 Rxf3 45. Re8+ Kf7 46. Ra8 Rxh3 47. Rxa7+ Kg6 48. Ra6 Rb3 49. a4 Kg5 50. Ra7 g6 51. Rd7 Rxb2 52. Rxd5+ Kf4 53. Rd6 Kf5 54. Rd5+ Ke6 55. Re5+
Kf6 0-1

[Event "MČR v rapid šachu družstev 2019"]
[Site "Teplice, Czech Republic"]
[Date "2019.09.15"]
[Round "2.16"]
[White "Postupa, Pavel"]
[Black "Burgermeister, Michal"]
[Result "1-0"]
[TimeControl "15 min. + 5s"]
[WhiteElo "2203"]
[BlackElo "1908"]

1. e4 c5 2. Nf3 d6 3. d4 cxd4 4. Nxd4 Nf6 5. Nc3 g6 6. Bc4 Bg7 7. O-O O-O 8. Bb3 Nc6 9. Nxc6 bxc6 10.
Re1 Qc7 11. Bg5 h6 12. Bh4 Rb8 13. Qd3 Kh7 14. Rad1 Be6 15. Bxe6 fxe6 16. b3 Ng4 17. Na4 Rf7 18. Qh3 Ne5 19.
Qxe6 Rbf8 20. Bg3 h5 21. Re2 Rf6 22. Qh3 Ng4 23. f3 Ne5 24. Bxe5 dxe5 25. Rd7 Qa5 26. Qg3 Qb5 27. c4 Qb4 28.
Qe1 Qxe1+ 29. Rxe1 R8f7 30. Red1 Bh6 31. Kf2 h4 32. h3 Bf4 33. Rxa7 g5 34. Rdd7 1-0

[Event "MČR v rapid šachu družstev 2019"]
[Site "Teplice, Czech Republic"]
[Date "2019.09.15"]
[Round "2.17"]
[White "Hacha, Ales"]
[Black "Krejci, Jan"]
[Result "0-1"]
[TimeControl "15 min. + 5s"]
[WhiteElo "2093"]
[BlackElo "2496"]

1. Nf3 Nf6 2. g3 b5 3. Bg2 Bb7 4. O-O e6 5. d4 Be7 6. a4 b4 7. c4 O-O 8. Bf4 c5 9. Nbd2 cxd4 10.
Nxd4 Bxg2 11. Kxg2 d6 12. Bg5 h6 13. Bxf6 Bxf6 14. N2b3 Nd7 15. e4 a6 0-1

[Event "MČR v rapid šachu družstev 2019"]
[Site "Teplice, Czech Republic"]
[Date "2019.09.15"]
[Round "2.18"]
[White "Sorm, Daniel"]
[Black "Sykora, Ondrej"]
[Result "1-0"]
[TimeControl "15 min. + 5s"]
[WhiteElo "2313"]
[BlackElo "2098"]

1. d4 Nf6 2. c4 d6 3. Nc3 e5 4. d5 g6 5. e4 Bg7 6. h3 O-O 7. Be3 c5 8. Bd3 Ne8 9. g4 f5 10. gxf5 gxf5 11. exf5 Bxf5 12. Ne4 Qh4 13.
Bg5 Bxe4 14. Bxh4 Bxh1 15. Qh5 e4 16. Be2 Bxb2 17. Rb1 Bc3+ 18. Kf1 b6 19. Bg4 Nf6 20. Be6+ Kg7 21. Qg5+ Kh8 22.
Rb3 Be5 23. Bg3 Nbd7 24. Bxe5 Nxe5 25. Rg3 Ng6 26. h4 e3 27. Qxe3 Rae8 28. h5 Nxh5 29. Rxg6 Nf4 30. Qc3+ 1-0

[Event "MČR v rapid šachu družstev 2019"]
[Site "Teplice, Czech Republic"]
[Date "2019.09.15"]
[Round "2.19"]
[White "Zima, Jan"]
[Black "Strasil, Pavel"]
[Result "0-1"]
[TimeControl "15 min. + 5s"]
[WhiteElo "1971"]
[BlackElo "2097"]

1. e4 e6 2. d4 d5 3. e5 c5 4. c3 Nc6 5. Nf3 Bd7 6. Be2 Rc8 7. O-O cxd4 8.
cxd4 Nge7 9. Nc3 Ng6 10. Be3 Be7 11. Qd2 O-O 12. a3 Na5 13. Rad1 Nc4 14. Bxc4 Rxc4 15. Qd3 Qb6 16. Bc1 Rfc8 17.
Ne2 Bb5 18. Qe3 Rc2 19. Rfe1 Bxe2 20. Rxe2 Qb5 21. Rxc2 Rxc2 22. g3 a5 23. Ne1 Rc8 24. b3 Bf8 25. Bb2 Ne7 26. Rc1 Rxc1 27. Bxc1 Nc6 28. Nc2 a4 29. b4 Qc4 30. Qd2 Na7 31. Bb2 Nb5 32. Ne3 Qb3 33. Qc2 Qxc2 34. Nxc2 f6 35. f4 Be7 36. Kf2 Bd8 37. Ke3 Kf7 38. Ne1 fxe5 39. fxe5 Kg6 40.
Nf3 Kf5 41. h3 h5 42. Kd3 Bg5 43. Ne1 0-1

[Event "MČR v rapid šachu družstev 2019"]
[Site "Teplice, Czech Republic"]
[Date "2019.09.15"]
[Round "2.20"]
[White "Krejci, Jan"]
[Black "Broucek, Tomas"]
[Result "1/2-1/2"]
[TimeControl "15 min. + 5s"]
[WhiteElo "2496"]
[BlackElo "2063"]

1. Nf3 d6 2. d4 Nd7 3. c4 e5 4. e4 Ngf6 5. Nc3 c6 6. Be2 Qc7 7. O-O Be7 8. h3 h6 9. Be3 g5 10.
Nh2 Nf8 11. b4 Ng6 1/2-1/2

[Event "MČR v rapid šachu družstev 2019"]
[Site "Teplice, Czech Republic"]
[Date "2019.09.15"]
[Round "2.21"]
[White "Docekal, Jan"]
[Black "Soural, Jan"]
[Result "0-1"]
[TimeControl "15 min. + 5s"]
[WhiteElo "2302"]
[BlackElo "2121"]

1. e4 c5 2. Nf3 Nc6 3. c4 g6 4. d4 cxd4 5. Nxd4 Bg7 6. Be3 Nf6 7. Nc3 d6 8. Be2 O-O 9. O-O Bd7 10. f3 Nxd4 11. Bxd4 a5 12. b3 Bc6 13. Qd2 Nd7 14. Be3 Nc5 15.
Rac1 Qb6 16. Nb5 Rfc8 17. Kh1 Qd8 18. Nd4 h5 19. Rfd1 Kh7 20. Bd3 Qf8 21. Nxc6 Rxc6 22. Bc2 e5 23.
a3 Ne6 24. Bd3 Bh6 25. b4 axb4 26. axb4 Nd4 27. Rb1 Bxe3 28. Qxe3 Ra3 29. f4 Rxc4 30. Qf2 Rcc3 31. Bf1 Qe7 32.
Rbc1 Qc7 33. Rxc3 Rxc3 34. h3 Kg7 35. f5 Rc2 36. Qh4 Rc1 37. Re1 Qc3 38. Rxc1 Qxc1 39. Kg1 Qe3+ 40. Kh1 Qf4 41. Qxf4 exf4 42. fxg6 fxg6 43. Kg1 Kf6 44. Kf2 Ke5 45. Bd3 g5 46. g3 b6 47. Kg2 Nb3 48. Be2 h4 49. gxh4 gxh4 50. Bc4 Nd2 51. Bd3 Nxe4 52. Kf3 Nf6 53. Bb1 d5 54. Bc2 d4 55. Bd3 Nd5 56. b5 Ne3 57. Be4 Nd1 58. Bd3 Nb2 59. Bc2 d3 60. Bb3 d2 61. Ke2 d1=Q+ 62. Bxd1 Nxd1 63. Kxd1 Ke4 64. Ke2 f3+ 65. Kf2 Kf4 66. Ke1 0-1

[Event "MČR v rapid šachu družstev 2019"]
[Site "Teplice, Czech Republic"]
[Date "2019.09.15"]
[Round "2.22"]
[White "Vokoun, Jan"]
[Black "Serrano, Salvador Eduardo"]
[Result "1/2-1/2"]
[TimeControl "15 min. + 5s"]
[WhiteElo "2119"]
[BlackElo "2350"]

1. d4 d5 2. Nf3 Nf6 3. e3 c6 4. Bd3 Bg4 5. h3 Bh5 6. Nbd2 e6 7. O-O Be7 8. Re1 O-O 9. c3 Nbd7 10.
b4 e5 11. dxe5 Nxe5 12. Be2 Nxf3+ 13. Bxf3 Bxf3 14. Nxf3 Ne4 15. Qb3 Bf6 16. Bb2 Qb6 17. Rab1 a5 18. bxa5 Qxa5 19. c4 Nc5 20. Qc2 Qxa2 21. cxd5 Na4 22. dxc6 bxc6 23. Nd4 c5 24. Ba1 Qxc2 25.
Nxc2 Bxa1 26. Rxa1 g6 27. e4 Nc3 28.
e5 Rxa1 29. Rxa1 Re8 30. Re1 Rd8 31. Ne3 h5 32. g3 Rd2 33. Nc4 Ra2 34. Nd6 Kf8 35. e6 fxe6 36. Rxe6 Kg7 37. Re1 Rd2 38. Nc4 Rd4 39. Ne5 Kf6 40.
Kf1 Ne4 41. Nf3 Nd2+ 42. Nxd2 Rxd2 43. Re8 c4 44. Rc8 Rc2 45. Rc5 c3 46. Kg2 g5 47. Kf3 Rc1 48. h4 g4+ 49. Kf4 Rc2 50. Rc6+ Ke7 51. Kg5 Kd7 52.
Rc4 Rxf2 53. Rxc3 Rf3 54. Rc1 Rxg3 55. Kxh5 Ke6 56. Kg5 Kf7 57. Rc7+ Kf8 58. Rc4 Rg1 59. Rxg4 1/2-1/2

[Event "MČR v rapid šachu družstev 2019"]
[Site "Teplice, Czech Republic"]
[Date "2019.09.15"]
[Round "2.23"]
[White "Filipi, Stepan"]
[Black "Postupa, Martin"]
[Result "1-0"]
[TimeControl "15 min. + 5s"]
[WhiteElo "2210"]
[BlackElo "1950"]

1. e4 e5 2. Nf3 Nc6 3. Bb5 d6 4.
d4 exd4 5. Nxd4 Bd7 6. Bxc6 bxc6 7. c4 c5 8. Ne2 Bc6 9.
Nbc3 g6 10. O-O Bg7 11. Qc2 Ne7 12. Bg5 O-O 13. Rad1 f6 14. Be3 Qb8 15. Nf4 Qc8 16. h3 f5 17. exf5 Nxf5 18. Nfd5 Re8 19.
Bg5 h6 20. Bc1 Kh7 21. Rde1 Qd7 22. Qd3 Bxd5 23. Nxd5 Qf7 24. b3 Bd4 25. Be3 c6 26. Bxd4 Nxd4 27. Rxe8 Rxe8 28. Ne3 Qf4 29. Ng4 h5 30. Ne3 Qg5 31.
Nc2 Ne2+ 32. Kh1 Nf4 33. Qf3 d5 34. g3 Ne6 35. h4 Qd2 36. cxd5 Ng7 37. Ne3 Qc3 38. dxc6 Nf5 39. c7 Nd6 40.
Rd1 Qe5 41. Rxd6 1-0

[Event "MČR v rapid šachu družstev 2019"]
[Site "Teplice, Czech Republic"]
[Date "2019.09.15"]
[Round "2.24"]
[White "Krouzel, Jaroslav"]
[Black "Lacina, Filip"]
[Result "1-0"]
[TimeControl "15 min. + 5s"]
[WhiteElo "2068"]
[BlackElo "2027"]

1. d4 f5 2. e4 fxe4 3. Nc3 Nf6 4. Bg5 b6 5. Qd2 d5 6. f3 Bf5 7. Nge2 exf3 8. gxf3 Qd7 9. Ng3 Bg6 10.
h4 e6 11. h5 Bf7 12. h6 Bg6 13. O-O-O c6 14. Re1 Bf7 15. Bh3 Be7 16. hxg7 Rg8 17. Bh6 Na6 18. Nce2 Nc7 19. Nf4 O-O-O 20. Qe3 Bd6 21. Bg5 1-0

[Event "MČR v rapid šachu družstev 2019"]
[Site "Teplice, Czech Republic"]
[Date "2019.09.15"]
[Round "2.25"]
[White "Vojta, Tomas"]
[Black "Hons, Tomas"]
[Result "1-0"]
[TimeControl "15 min. + 5s"]
[WhiteElo "2402"]
[BlackElo "1976"]

1. e4 c5 2. f4 d5 3. exd5 Qxd5 4. Nc3 Qd8 5. Nf3 Nc6 6. Ne5 Nd4 7. Bc4 e6 8. O-O Nf6 9. d3 Be7 10.
a4 b6 11. Ne4 O-O 12. c3 Nf5 13. Nc6 Qc7 14. Nxe7+ Qxe7 15. Qe2 Bb7 16. Bd2 Rfd8 17. Ng5 a6 18. Rae1 Bd5 19. Rd1 Rd7 20.
Nf3 Bxc4 21. dxc4 Rad8 22. Ne5 Rd6 23. Bc1 Qc7 24. Rfe1 h6 25. Qf3 Ne7 26. h3 Rxd1 27. Rxd1 Rxd1+ 28. Qxd1 Nc6 29. Qe2 Qd6 30. b3 Nd7 31. Nf3 Ne7 32. Ne5 Nxe5 33. fxe5 Qc7 34. Bf4 Ng6 35. Bg3 Qc6 36. Qd3 a5 37. Kh2 Qc7 38. Qe4 Ne7 39. Qa8+ Kh7 40. Qe4+ Kg8 41. Qa8+ Qc8 42. Qe4 Qc6 43.
Qd3 Nf5 44. Bf4 g5 45. Bd2 Kg7 46. Be1 Qc7 1-0